General information
- name: ghettooverlord P:| L:10
- type: Custom game
- host: ghettooverlord
- saver: Phranky
map: TerenasStand
- players: 8
- length: 10:54
- speed: Fast
- version: 1.24 W3XP
- replay type: Public
» download(66 KB)
Players
team 1 (winner)
Phranky (
green | 153 APM | 1665 actions | 10:54)
4 Archmage
2 Summon Water Elemental
2 Brilliance Aura
2 Beastmaster
1 Summon Quilbeast
1 Summon Hawk
» actions
| Assign group hotkey | 59 | |
| Basic commands | 23 | |
| Build / train | 44 | |
| ESC pressed | 4 | |
| Enter build submenu | 15 | |
| Enter hero's abilities submenu | 6 | |
| Remove unit from queue | 1 | |
| Right click | 856 | |
| Select / deselect | 322 | |
| Select group hotkey | 271 | |
| Use ability | 64 | |
1665 total
» units
| Peasant | 11 | |
| Footman | 9 | |
| Goblin Shredder | 1 | |
| Sorceress | 1 | |
| Priest | 7 | |
29 total
» buildings
| Altar of Kings | 1 | |
| Farm | 8 | |
| Barracks | 1 | |
| Scout Tower | 1 | |
| Arcane Tower | 1 | |
| Arcane Vault | 1 | |
| Keep | 2 | |
| Arcane Sanctum | 2 | |
17 total
» build order
00:03 Altar of Kings
00:17 Farm
00:19 Barracks
00:49 Farm
01:37 Farm
01:57 Scout Tower
02:55 Farm
02:57 Arcane Tower
03:10 Arcane Vault
03:49 Farm
03:51 Farm
04:26 Keep
04:26 Keep
06:52 Arcane Sanctum
06:52 Arcane Sanctum
08:18 Farm
09:01 Farm
» items
| Scroll of Regeneration | 1 | |
| Lesser Clarity Potion | 2 | |
3 total
team 2 (loser)

»
wombat7373 (
red | 50 APM | 542 actions | 10:53)
2 Blademaster
1 Wind Walk
1 Critical Strike
» actions
| Assign group hotkey | 14 | |
| Basic commands | 7 | |
| Build / train | 38 | |
| Enter build submenu | 9 | |
| Enter hero's abilities submenu | 2 | |
| Give item / drop item | 1 | |
| Right click | 214 | |
| Select / deselect | 124 | |
| Select group hotkey | 96 | |
| Use ability | 37 | |
542 total
» units
» upgrades
» buildings
| Altar of Storms | 1 | |
| Orc Burrow | 3 | |
| Voodoo Lounge | 1 | |
| Barracks | 1 | |
| War Mill | 1 | |
| Stronghold | 1 | |
| Beastiary | 2 | |
10 total
» build order
00:09 Altar of Storms
00:12 Orc Burrow
00:53 Voodoo Lounge
01:23 Orc Burrow
01:47 Barracks
02:28 War Mill
04:22 Stronghold
04:47 Orc Burrow
06:48 Beastiary
07:17 Beastiary
» items
| Healing Salve | 2 | |
| Lesser Clarity Potion | 2 | |
| Scroll of Speed | 1 | |
| Potion of Healing | 3 | |
| Potion of Mana | 1 | |
9 total
refereesghettooverlord,
Asp_,
PfJ.CroN,
DiEoxidE,
Q-veta,
DaRkJaWs42 Chat log
(01:02 / All) Phranky: gg hf gl dave <3
(01:06 / All) wombat7373: u2
(02:22 / All) DaRkJaWs42: raped
(02:25 / All) DaRkJaWs42: RAPED
(02:33 / All) Asp_: WHAT
(02:34 / All) DiEoxidE: <3 wombat
(02:41 / All) DiEoxidE: wombat #1
(02:48 / All) DiEoxidE: NUMBA 1!
(04:01 / All) Asp_: glorious
(04:34 / All) wombat7373: base block is bad manner
(04:38 / All) Phranky: sorry
(04:39 / All) Phranky: <3
(10:49 / All) wombat7373: ya gg